 Dungeon Crawl Stone Soup version 0.28-a0-8-g6e044cfa68 (webtiles) character file.

Game seed: 1868221366828821883

0 ezpacito the Skirmisher (level 1, 0/18 HPs)
             Began as a Demonspawn Abyssal Knight on July 23, 2021.
             Was a Follower of Lugonu.
             Killed from afar by a black draconian (18 damage)
             ... with a bolt of lightning
             ... on level 1 of the Abyss.
             The game lasted 00:00:45 (94 turns).

ezpacito the Skirmisher (Demonspawn Abyssal Knight)   Turns: 94, Time: 00:00:46

Health: 0/18       AC:  3    Str: 12    XL:     1   Next: 0%
Magic:  2/2        EV: 11    Int: 13    God:    Lugonu [*.....]
Gold:   0          SH:  0    Dex: 12    Spells: 0/0 levels left

rFire   . . .      SeeInvis .   a - +1 hand axe
rCold   . . .      Faith    .   (no shield)
rNeg    . . .      Spirit   .   b - +0 leather armour
rPois   .          Reflect  .   (no helmet)
rElec   .          Harm     .   (no cloak)
rCorr   .          Rampage  .   (no gloves)
Will    .....                   (no boots)
Stlth   +.........              (no amulet)
HPRegen 0.06/turn               (no ring)
MPRegen 0.08/turn               (no ring)

@: no status effects
A: no striking features
a: Renounce Religion, Depart the Abyss


You were on level 1 of the Abyss.
You worshipped Lugonu.
Lugonu was aware of your devotion.
You visited 0 branches of the dungeon, and saw 0 of its levels.
You visited the Abyss 1 time.

Inventory:

Hand Weapons
 a - a +1 hand axe (weapon)
Armour
 b - a +0 leather armour (worn)
 d - a +0 ring mail
Scrolls
 c - a scroll of silence {unknown}


   Skills:
 + Level 3.0 Fighting
 * Level 1.7 Axes
 + Level 1.7 Armour
 + Level 0.8 Dodging
 + Level 0.0 Spellcasting
 + Level 2.4 Invocations


You couldn't memorise any spells.
You didn't know any spells.
Your spell library was empty.

Dungeon Overview and Level Annotations

Branches:
Dungeon (0/15)

Altars:


Message History

Welcome, ezpacito the Demonspawn Abyssal Knight.
It is said that the Orb of Zot exists deep within this dungeon.
Lugonu says: Depart the Abyss and spread corruption, my servant! (use the ability menu to exit the Abyss) Press ? for a list of commands and other information.
Found a corrupted altar of Lugonu.
Setting a skill training target for Axes at 14.0.
c - a scroll labelled HAANYA KYEMI You enter the shallow water.
Moving in this stuff is going to be slow.
Found a ring mail.
You see here a +0 ring mail.
d - a +0 ring mail A tentacled starspawn comes into view.
Tentacles burst from the starspawn's body!
A spatial vortex comes into view. 2 starspawn tentacles come into view.
A spatial vortex comes into view.
A spatial vortex comes into view. x2
A spatial maelstrom comes into view.
A tentacle flies out from the starspawn's body!
A starspawn tentacle comes into view.
A spatial vortex comes into view.
A black draconian comes into view. It is wielding a +0 battleaxe.
Press: ? - help, v - describe, . - travel
Here: a spatial maelstrom The floor.
The black draconian roars!
You hear a roar!
A thrashing horror comes into view.
The black draconian breathes lightning at you.
The bolt of lightning hits you!!
Ouch! That really hurt!
You die...

.. .##. .# # #.v.
.# . . ..d #..
#..##.. #. ..#
.#v.. ..###..#
.v. #.#.... #.#
...##.###@# ##
#..#....# . .
#.....#X# .
#.####.#....#..
.#
.#...#...#...##.#
.##
####.X.....##...#
. #
.#..#.##..#.#..##
..# .#.#...##...
..# . ..##.
#.#..##...#.#


You could see a black draconian (catching breath), a tentacled starspawn, a
spatial maelstrom, 2 spatial vortices and a thrashing horror.

Vanquished Creatures (others)
  4 starspawn tentacles (Abyss:1)
4 creatures vanquished.

Notes
Turn   | Place    | Note
-------+----------+-------------------------------------------
     0 | Abyss:1  | ezpacito the Demonspawn Abyssal Knight began the quest for
                  | the Orb.
     0 | Abyss:1  | Reached XP level 1. HP: 18/18 MP: 2/2
    75 | Abyss:1  | Noticed a tentacled starspawn
    85 | Abyss:1  | Noticed a spatial vortex
    87 | Abyss:1  | Noticed a spatial vortex
    89 | Abyss:1  | Noticed a spatial vortex
    89 | Abyss:1  | Noticed a spatial vortex
    92 | Abyss:1  | Noticed a spatial maelstrom
    93 | Abyss:1  | Noticed a spatial vortex
    93 | Abyss:1  | Noticed a black draconian
    94 | Abyss:1  | Noticed a thrashing horror
    94 | Abyss:1  | Killed from afar by a black draconian

Illustrated notes

Levels and vault maps discovered:
Abyss:1:  base: Temple, base:
Temple

Table legend: (Time is in decaauts)
 A = Elapsed time spent in this place.
 B = Non-inter-level travel time spent in this place.
 C = Inter-level travel time spent in this place.
 D = Time resting spent in this place.
 E = Time spent auto-exploring this place.
 F = Levels seen in this place.
 G = Mean time per level.
                   A        B        C        D        E       F      G
               +--------+--------+--------+--------+--------+-----+--------+
         Total |     94 |     94 |      0 |      0 |     66 |   1 |   94.0 |
         Abyss |     94 |     94 |      0 |      0 |     66 |   1 |   94.0 |
               +--------+--------+--------+--------+--------+-----+--------+

Top non-repeatable levels by time:
 Abyss:1: 94 daAuts
